AoeStats
← Hyper Fury

Black Forest

511368772Analyzed
2v2 RM · 11d ago on Oct 4, 2026· 44m 58s· 4 players
Game mode
Random Map
Map size
Medium (4 player)
Population
200
Speed
Normal
Resources
Standard
Victory
Conquest
Starting age
Dark Age
Ending age
Imperial Age
RankedLock teamsTeams togetherTeam positionsShared explorationLock speedFull tech treeHidden civsTurbo modeCheats
Victory
Defeat
🇷🇴 Franks · Romania
804
+16
🇪🇸 Khmer · Spain
793
+16
vs
🇨🇾 Teutons · Cyprus
814
-17
🇹🇷 Chinese · Türkiye
775
-15
paujou92
0:37 Loom
15:57 Feudal Age
16:23 Double-Bit Axe
16:19 Horse Collar
17:21 Wheelbarrow
16:49 Stone Mining
17:19 Gold Mining
23:02 Castle Age
21:56 Scale Barding Armor
23:49 Forging
24:52 Fletching
32:21 Bloodlines
35:49 Imperial Age
33:44 Ballistics
33:19 Murder Holes
35:58 Masonry
36:01 Tusk Swords
37:07 Hand Cart
37:43 Bodkin Arrow
38:25 Iron Casting
39:51 Caravan
40:32 Chain Barding Armor
41:55 Heavy Plow
Izana
5:14 Loom
13:35 Feudal Age
14:02 Double-Bit Axe
15:22 Gold Mining
20:38 Castle Age
20:35 Forging
21:36 Bow Saw
27:47 Scale Mail Armor
30:28 Scale Barding Armor
32:57 Husbandry
38:25 Imperial Age
38:12 Stone Mining
38:58 Gold Shaft Mining
39:38 Wheelbarrow
41:57 Chemistry
40:54 Cavalier
42:22 Hand Cart
44:16 Elite Throwing Axeman
45:47 Iron Casting
45:28 Chain Mail Armor
45:51 Chain Barding Armor
Hyper Fury
0:49 Loom
15:50 Feudal Age
16:32 Double-Bit Axe
16:31 Horse Collar
19:20 Stone Mining
19:23 Gold Mining
27:47 Castle Age
26:11 Forging
25:51 Fletching
26:01 Padded Archer Armor
26:01 Scale Mail Armor
26:07 Scale Barding Armor
26:37 Arson
28:13 Crossbowman
28:58 Thumb Ring
28:14 Elite Skirmisher
28:16 Pikeman
28:56 Squires
31:00 Bodkin Arrow
31:21 Leather Archer Armor
31:38 Bow Saw
32:09 Stone Shaft Mining
32:10 Gold Shaft Mining
34:10 Great Wall
38:51 Wheelbarrow
38:01 Town Watch
40:00 Bloodlines
39:51 Husbandry
39:12 Light Cavalry
40:17 Ballistics
40:08 Fortified Wall
39:54 Murder Holes
40:09 Masonry
40:27 Chain Barding Armor
40:23 Chain Mail Armor
40:43 Iron Casting
42:01 Caravan
42:31 Coinage
42:20 Hand Cart
CAN GÖÇER
0:28 Loom
13:58 Feudal Age
14:32 Double-Bit Axe
20:26 Castle Age
19:08 Horse Collar
19:57 Stone Mining
21:23 Heavy Plow
23:18 Bow Saw
24:38 Stone Shaft Mining
25:49 Gold Mining
28:23 Town Watch
29:23 Fletching
29:33 Padded Archer Armor
30:16 Town Patrol
33:54 Ballistics
35:05 Masonry
36:07 Wheelbarrow
39:35 Bodkin Arrow
39:55 Leather Archer Armor
40:02 Hand Cart
42:02 Scale Barding Armor
42:08 Forging
42:50 Bloodlines
Connection lost

Rejoining the realm…

Still unreachable

The connection could not be restored.

Session expired

The server has moved on; the page needs a fresh start.